 Dungeon Crawl Stone Soup version 0.20-a0-9-g62d82d9 (webtiles) character file.

7 kroki the Chiller (level 2, 0/19 HPs)
             Began as a Merfolk Ice Elementalist on Nov 1, 2016.
             Slain by a jackal (2 damage)
             ... on level 1 of the Dungeon.
             The game lasted 00:00:29 (185 turns).

kroki the Chiller (Merfolk Ice Elementalist)         Turns: 185, Time: 00:00:30

Health: 0/19       AC:  2    Str:  8    XL:     2   Next: 4%
Magic:  0/5        EV: 13    Int: 14    God:
Gold:   30         SH:  0    Dex: 14    Spells: 1 memorised, 4 levels left

rFire  . . .     SeeInvis .     (no weapon)
rCold  . . .     Gourm    .     a - +0 robe
rNeg   . . .     Faith    .     (no shield)
rPois  .         Spirit   .     (no helmet)
rElec  .         Reflect  .     (no cloak)
rCorr  .         Harm     .     (no gloves)
MR     .....                    (no boots)
Stlth  ++........               (no amulet)
                                (no ring)
                                (no ring)

@: very slightly contaminated
A: change form in water, swift swim, stealthy swim
a: no special abilities


You were on level 1 of the Dungeon.
You were not hungry.

You visited 1 branch of the dungeon, and saw 1 of its levels.

You collected 30 gold pieces.

Inventory:

Armour
 a - a +0 robe (worn)
Potions
 d - a potion of resistance {unknown}
 e - a potion of curing {unknown}
Books
 b - a book of Frost
Comestibles
 c - a bread ration {@e1}
 f - a chunk of flesh {@w0}


   Skills:
 - Level 2.6 Dodging
 - Level 2.1 Stealth
 - Level 2.0 Spellcasting
   Level 0.7 Conjurations
 + Level 3.9 Ice Magic


You had 4 spell levels left.
You knew the following spells:

 Your Spells              Type           Power        Failure   Level  Hunger
a - Freeze                Ice            ##..         6%          1    ##.....


Dungeon Overview and Level Annotations

Branches:
Dungeon (1/15)

Altars:


Message History

You kill the frilled lizard!
You hit the goblin. The goblin barely misses you.
You barely miss the goblin. The goblin closely misses you.
A goblin is nearby!
Aim: a goblin (severely wounded)
You freeze the goblin.
You kill the goblin!
You now have 0/3 mp.
Your magical contamination has completely faded away.
No target in view!
You butcher the goblin corpse.
f - a chunk of flesh {@w0} You see here a goblin skeleton. x2
You see here a ring mail.
e - a sedimented grey potion No target in view!
Health restored: 13; MP restored: 3 You now have 30 gold pieces (gained 6).
A jackal comes into view.
No target in range!
A jackal is nearby!
No target in range!
A jackal is nearby!
No target in range!
A jackal is nearby!
No target in range!
The jackal barks!
You hear a bark! x2
A jackal is nearby!
No target in range!
A jackal and a dart slug come into view.
The jackal barks!
The jackal barely misses you. The jackal bites you.
A jackal comes into view.
You take 3 damage, and have 10/13 hp.
MASSIVE DAMAGE!!
The jackal bites you.
You take 1 damage, and have 9/13 hp.
The jackal bites you.
You take 2 damage, and have 7/13 hp.
The jackal bites you but does no damage.
You see here 13 arrows.
The jackal closely misses you.
There are monsters nearby!
You are too injured to fight recklessly!
There are monsters nearby!
You are too injured to fight recklessly!
Aim: a jackal You freeze the jackal.
You now have 2/3 mp.
Aim: a jackal You freeze the jackal.
You kill the jackal!
The jackal misses you.
You now have 1/3 mp.
Aim: a jackal (heavily wounded)
You freeze the jackal. The jackal closely misses you.
You now have 0/3 mp.
You don't have enough magic to cast that spell.
Unknown command.
The jackal barely misses you. The jackal closely misses you.
The jackal closely misses you.
The jackal bites you but does no damage.
The jackal misses you. The jackal bites you.
You take 2 damage, and have 5/13 hp.
The jackal bites you.
* * * LOW HITPOINT WARNING * * *
You take 3 damage, and have 2/13 hp.
MASSIVE DAMAGE!!
Aim: a jackal You freeze the jackal.
You kill the jackal!
You have reached level 2!
You regained 2 hp, and now have 4/19 hp.
You now have 0/5 mp.
You don't have enough magic to cast that spell.
Unknown command.
The jackal bites you.
* * * LOW HITPOINT WARNING * * *
You take 1 damage, and have 3/19 hp.
The jackal barely misses you. x2
The jackal barely misses you.
You hit the jackal. The jackal misses you.
You hit the jackal but do no damage.
The jackal bites you but does no damage.
The jackal misses you.
You hit the jackal but do no damage. The jackal closely misses you.
You closely miss the jackal. The jackal misses you.
Aim: a jackal (severely wounded)
You miscast Freeze.
You are very lightly contaminated with residual magic.
Frost covers your body. The jackal completely misses you.
The jackal barely misses you.
You now have 0/5 mp.
You closely miss the jackal. The jackal bites you.
* * * LOW HITPOINT WARNING * * *
You take 2 damage, and have 1/19 hp.
You barely miss the jackal. The jackal bites you.
You die...

#. .. ###.# ###
#... #@# #..# #h#
#..#
#.############..#
#..........#...#
#####........#.#
#.........#(#
#...........###
#..............
#..........##..


You could see a jackal.

Vanquished Creatures
  A ball python (D:1)
  A giant cockroach (D:1)
  2 jackals (D:1)
  A frilled lizard (D:1)
  A goblin (D:1)
  A kobold (D:1)
7 creatures vanquished.

Notes
Turn   | Place    | Note
-------+----------+-------------------------------------------
     0 | D:1      | kroki the Merfolk Ice Elementalist began the quest for the Orb.
     0 | D:1      | Reached XP level 1. HP: 13/13 MP: 3/3
   172 | D:1      | HP: 2/13 [jackal (3)]
   173 | D:1      | Reached XP level 2. HP: 4/19 MP: 0/5
   184 | D:1      | HP: 1/19 [jackal (2)]
   185 | D:1      | Slain by a jackal

Vault maps used:
D:1:      eino_arrival_cavern_b, minmay_tromino_i2

Action                   || total
-------------------------++-------
Melee: Unarmed           ||    13
 Cast: Freeze            ||     9
Armor: Robe              ||     4
Dodge: Dodged            ||    25

Vault maps used:
D:1:      eino_arrival_cavern_b, minmay_tromino_i2

Table legend:
 A = Turns spent in this place as a percentage of turns spent in the entire game.
 B = Non-inter-level travel turns spent in this place as a percentage of non-inter-level travel turns spent in the entire game.
 C = Inter-level travel turns spent in this place as a percentage of turns spent in this place.
 D = Turns resting spent in this place as a percentage of non-inter-level travel turns spent in this place.
 E = Turns spent auto-exploring this place as a percentage of non-inter-level travel turns spent in this place.
 F = Non-inter-level travel turns spent in this place divided by the number of levels of this place that you've seen.
                   A       B       C       D       E      F
               +-------+-------+-------+-------+-------+----------------------
         Total | 100.0 | 100.0 |   0.0 |   0.0 |   4.9 | 123.0
       Dungeon | 100.0 | 100.0 |   0.0 |   0.0 |   4.9 | 123.0
               +-------+-------+-------+-------+-------+----------------------

Table legend:
 A = Kills in this place as a percentage of kills in entire the game.
 B = Kills by you in this place as a percentage of kills by you in the entire game.
 C = Kills by friends in this place as a percentage of kills by friends in the entire game.
 D = Other kills in this place as a percentage of other kills in the entire game.
 E = Experience gained in this place as a percentage of experience gained in the entire game.
 F = Experience gained in this place divided by the number of levels of this place that you have seen.
                   A       B       C       D       E      F
               +-------+-------+-------+-------+-------+----------------------
         Total | 100.0 | 100.0 |  -nan |  -nan | 100.0 |  11.0
       Dungeon | 100.0 | 100.0 |  -nan |  -nan | 100.0 |  11.0
               +-------+-------+-------+-------+-------+----------------------
